 Dungeon Crawl Stone Soup version 0.23-a0-169-gb21e695 (console) character file.

1423 nht the Fighter (level 8, -7/89 HPs)
             Began as an Ogre Fighter on Sept 11, 2018.
             Mangled by an orc warrior
             ... wielding a +0 long sword
              (18 damage)
             ... on level 6 of the Dungeon.
             The game lasted 00:10:03 (4831 turns).

nht the Fighter (Ogre Fighter)                      Turns: 4831, Time: 00:10:04

Health: -7/89      AC:  4    Str: 21    XL:     8   Next: 72%
Magic:  8/8        EV:  8    Int: 11    God:
Gold:   251        SH:  9    Dex:  8    Spells: 7/7 levels left

rFire    + . .     SeeInvis .     - Unarmed
rCold    . . .     Gourm    .   b - +1 shield
rNeg     . . .     Faith    .   a - +0 robe
rPois    .         Spirit   .   (helmet restricted)
rElec    .         Reflect  .   k - +0 cloak
rCorr    .         Harm     .   (gloves unavailable)
MR       .....                  (boots unavailable)
Stlth    +.........             (no amulet)
HPRegen  0.24/turn              n - ring of protection from fire
MPRegen  0.11/turn              s - ring of flight

@: hasted, very quick
A: large, unfitting armour, tough skin 1
a: Evoke Flight


You were on level 6 of the Dungeon.
You were not hungry.

You visited 1 branch of the dungeon, and saw 6 of its levels.
You also visited: Ossuary.

You collected 251 gold pieces.

Inventory:

Missiles
 e - 15 tomahawks (quivered)
 j - 2 javelins of penetration
 l - 11 javelins
Armour
 a - a +0 robe (worn)
 b - a +1 shield (worn)
 k - a +0 cloak (worn)
Jewellery
 n - a ring of protection from fire (left hand)
 s - a ring of flight (right hand)
Wands
 q - a wand of paralysis (7)
 r - a wand of digging (16)
Scrolls
 f - a scroll of teleportation
 h - 7 scrolls of remove curse
 i - 2 scrolls of enchant armour
 m - 4 scrolls of amnesia
Potions
 c - 2 potions of brilliance
 g - 4 potions of haste
 o - a potion of invisibility
 p - 3 potions of flight
 t - 2 potions of curing
Comestibles
 d - 5 rations


   Skills:
 + Level 8.7 Fighting
 - Level 2.6 Dodging
 - Level 2.6 Shields
 * Level 8.1 Unarmed Combat


You had 7 spell levels left.
You didn't know any spells.
Your spell library was empty.

Dungeon Overview and Level Annotations

Branches:
Dungeon (6/15)
 Temple: D:4-7

Altars:
Ashenzari
Dithmenos
Fedhas
Gozag
Makhleb
Sif Muna
Wu Jian


Innate Abilities, Weirdness & Mutations

You are too large for most types of armour.
You have tough skin. (AC +1)


Message History

You hit the orc warrior.
The orc warrior is lightly wounded.
You feel yourself speed up.
The orc warrior hits you with a long sword!
* * * LOW HITPOINT WARNING * * *
You block the orc wizard's attack.
You hit the orc warrior but do no damage.
The orc warrior is lightly wounded.
The orc priest calls upon Beogh to heal the orc warrior.
The orc warrior's wounds heal themselves!
The orc wizard miscasts a cantrip.
You closely miss the orc warrior.
The orc warrior hits you with a long sword!
* * * LOW HITPOINT WARNING * * *
You feel better.
The orc wizard hits you with a dagger of speed.
* * * LOW HITPOINT WARNING * * *
An orc comes into view. It is wielding a hand axe.
The orc warrior hits you with a long sword!!
You die...

..............█.████ ███
..............█.█.. ....
..............█.█.████..███
█.............█...8........
██....██....█.█......█....█
.'..............8...8...>.█
██....█.......█......█..███
█....█...█...(..o8........
████.█...█...█.@o.o...████
██.█...█...█........█
....................█....█
.......██.█.....██..██.o.█
....... █.█.........█ ....█
....... █.██.██.█...█ .█.██
....... █.██..█.....█ .█
....... ......███...█
..█.... █<██........█


You could see an orc warrior, an orc priest, an orc wizard and an orc
(wandering).

Vanquished Creatures
  Grinder (D:3)
  A phantom (D:4)
  2 elf zombies (Ossuary)
  A bullfrog (D:6)
  2 scorpions
  2 howler monkeys
  2 crimson imps
  2 centaur zombies (Ossuary)
  A hound (D:4)
  A human zombie (Ossuary)
  4 orc priests
  An iguana (D:4)
  An orc wizard (D:4)
  4 worker ants
  A big kobold zombie (Ossuary)
  2 mummies (Ossuary)
  A worker ant zombie (D:5)
  11 adders
  3 adder zombies
  An adder skeleton (D:4)
  3 worms (D:3)
  A dart slug (D:3)
  2 leopard geckos
  22 orcs
  3 ball pythons
  2 giant cockroaches
  10 goblins
  7 hobgoblins
  2 jackals (D:4)
  2 quokkas
  3 bats
  15 frilled lizards
  11 hobgoblin zombies (Ossuary)
  8 kobolds
  11 kobold zombies (Ossuary)
  A leopard gecko skeleton (D:5)
  7 orc zombies (Ossuary)
  A quokka skeleton (D:4)
  8 rats
163 creatures vanquished.

Notes
Turn   | Place    | Note
-------+----------+-------------------------------------------
     0 | D:1      | nht the Ogre Fighter began the quest for the Orb.
     0 | D:1      | Reached XP level 1. HP: 24/24 MP: 1/1
    82 | D:1      | Reached XP level 2. HP: 28/32 MP: 2/2
   510 | D:2      | You fall through a shaft!
   540 | D:3      | Reached XP level 3. HP: 39/39 MP: 3/3
   576 | D:3      | Found an ornate altar of the Wu Jian Council.
   697 | D:3      | Reached XP level 4. HP: 11/49 MP: 4/4
   779 | D:3      | Found a deep blue altar of Sif Muna.
   902 | D:3      | Noticed Grinder
   926 | D:3      | Killed Grinder
   926 | D:3      | Reached skill level 5 in Fighting
   926 | D:3      | Reached XP level 5. HP: 59/59 MP: 5/5
   926 | D:3      | Reached XP level 6. HP: 67/67 MP: 6/6
   973 | D:3      | Found an opulent altar of Gozag.
   993 | D:3      | Reached skill level 5 in Unarmed Combat
  1177 | D:3      | Found a glowing drain.
  2684 | D:4      | Noticed a phantom
  2701 | D:4      | Found a burning altar of Makhleb.
  2722 | D:4      | Killed a phantom
  2722 | D:4      | Reached XP level 7. HP: 44/76 MP: 7/7
  2967 | D:4      | Found a shattered altar of Ashenzari.
  3647 | D:5      | Entered Level 5 of the Dungeon
  3723 | D:5      | Reached XP level 8. HP: 87/87 MP: 8/8
  3732 | D:5      | Found a shadowy altar of Dithmenos.
  3851 | D:5      | Paralysed by an orc for 6 turns
  3895 | D:5      | Found a blossoming altar of Fedhas.
  4128 | D:6      | Found a sand-covered staircase.
  4219 | Ossuary  | Entered an ossuary
  4831 | D:6      | Mangled by an orc warrior

Vault maps used:
D:1:      tarquinn_simple_flora_water_a
D:2:      grunt_ministairs_4, minmay_lizard_king
D:3:      lemuel_doored_altar, lemuel_coloured_pillars_altar,
          old_standard_altar, gup_sewer_entry_glass, patterned_corridor,
          uniq_grinder
D:4:      old_standard_altar, first_ration, cheibrodos_ashenzari_chains
D:5:      kennysheep_mini, nicolae_dithmenos_shadow_blocks
D:6:      nicolae_ossuary_entry_monument, hangedman_ru_absence
Ossuary:  ossuary_tomb_1

Skill      XL: |  1  2  3  4  5  6  7  8 |
---------------+-------------------------+-----
Unarmed Combat | 2 3 4 5 6 8 |  8.1
Fighting       | 5 6 7 8 |  8.7
Dodging        | |  2.6
Shields        | |  2.6

Action                   |  1- 3 |  4- 6 |  7- 9 || total
-------------------------+-------+-------+-------++-------
Melee: Unarmed           |   123 |   192 |   373 ||   688
Throw: Tomahawk          |     3 |     4 |     5 ||    12
Evoke: Wand              |       |       |     1 ||     1
  Use: Scroll            |     6 |     3 |     5 ||    14
       Potion            |     1 |     2 |     6 ||     9
 Stab: Paralysed         |       |       |     5 ||     5
       Invisible         |       |       |     3 ||     3
  Eat: Chunk             |       |     4 |     4 ||     8
       Ration            |       |     1 |     1 ||     2
Armor: Robe              |    20 |    30 |    60 ||   110
       Skin              |       |     6 |       ||     6
Dodge: Dodged            |    43 |    44 |    79 ||   166
Block: Shield            |    49 |    65 |   128 ||   242

Table legend:
 A = Non-vault XP
 B = Vault XP
 C = Vault XP percentage of total XP
 D = Non-vault monster count
 E = Vault monster count
 F = Vault count percentage of total count
                 A         B        C        D         E       F
            +---------+---------+-------+---------+---------+-------
      Total |    1281 |     752 |  37.0 |     106 |      57 |  35.0
            +---------+---------+-------+---------+---------+-------
        D:1 |      24 |       0 |   0.0 |      15 |       0 |   0.0
        D:2 |      26 |      17 |  39.5 |      16 |      14 |  46.7
        D:3 |     117 |     302 |  72.1 |      31 |       4 |  11.4
        D:4 |     479 |       0 |   0.0 |      20 |       0 |   0.0
        D:5 |     348 |       0 |   0.0 |      18 |       0 |   0.0
        D:6 |     287 |       0 |   0.0 |       6 |       0 |   0.0
    Ossuary |       0 |     433 | 100.0 |       0 |      39 | 100.0
            +---------+---------+-------+---------+---------+-------
